 Dungeon Crawl Stone Soup version 0.16-a0-3691-gf72e470 (webtiles) character file.

275314 Gorice the Tortoise (level 18, -19/159 HPs)
             Began as a Demigod Wanderer on Jan 12, 2015.
             Killed from afar by Nikola (33 damage)
             ... with a chain lightning
             ... on level 1 of the Vaults on Jan 18, 2015.
             The game lasted 08:37:04 (57669 turns).

Gorice the Tortoise (Demigod Wanderer)             Turns: 57669, Time: 08:37:06

Health: -19/159    AC: 31    Str: 19    XL:     18   Next: 83%
Magic:  33/37      EV: 14    Int: 23    God:
Gold:   2203       SH:  0    Dex: 16    Spells: 8 memorised, 15 levels left

rFire  . . .     SeeInvis .     a - +9 lajatang (vamp)
rCold  + + .     Clarity  +     Q - +8 chain mail "Prypn" {rC+ Slay+6}
rNeg   . . .     SustAb   +     (no shield)
rPois  +         Gourm    .     f - +0 helmet
rElec  .         Spirit   .     n - +2 cloak
rCorr  .         Warding  .     u - +1 pair of gloves
rMut   .         Stasis   .     W - +0 pair of boots {Stlth+}
MR     ++...                    A - amulet of clarity
Stlth  ..........               O - ring of Noiloesh {rPois+ rC+ HP+5}
                                C - ring of wizardry

@: very slightly contaminated, very resistant to hostile enchantments, extremely
unstealthy
A: magic resistance 1, regeneration 1, sustain abilities
a: no special abilities
}: 2/15 runes: decaying, gossamer


You were on level 1 of the Vaults.
You were not hungry.

You visited 7 branches of the dungeon, and saw 39 of its levels.
You visited the Abyss 1 time.
You also visited: Labyrinth and Volcano.

You collected 5870 gold pieces.
You spent 3667 gold pieces at shops.

Inventory:

Hand weapons
 a - a +9 vampiric lajatang (weapon)
   (You acquired it on level 7 of the Dungeon)
 x - a +1 great sword of electrocution
   (You took it off an orc knight on level 1 of the Vaults)
Missiles
 G - 7 javelins (quivered)
Armour
 f - a +0 helmet (worn)
 n - a +2 cloak (worn)
 u - a +1 pair of gloves (worn)
 Q - the +8 chain mail "Prypn" (worn) {rC+ Slay+6}
   (You bought it in a shop on level 4 of the Orcish Mines)

   It affects your accuracy and damage with ranged weapons and melee attacks
   (+6).
   It protects you from cold.
 W - a +0 pair of boots of stealth (worn)
   (You acquired it on level 10 of the Dungeon)
Rods
 I - a +5 rod of inaccuracy (12/12)
   (You found it in a labyrinth)
Jewellery
 h - an uncursed amulet of resist mutation
 k - the ring of the Yeti {rC+ rN+ Stlth+}
   (You bought it in a shop on level 9 of the Dungeon)

   [ring of positive energy]

   It protects you from cold.
   It protects you from negative energy.
   It makes you more stealthy.
 p - an uncursed ring of protection from magic
 t - an uncursed ring of see invisible
 w - an uncursed ring of teleportation
 A - an amulet of clarity (around neck)
 B - an uncursed ring of protection from fire
 C - a ring of wizardry (left hand)
 D - an uncursed ring of teleport control
 O - the ring of Noiloesh (right hand) {rPois+ rC+ HP+5}
   (You found it on level 7 of the Dungeon)

   [ring of protection from cold]

   It protects you from cold.
   It protects you from poison.
   It affects your health (+5).
Magical devices
 d - a wand of enslavement (6)
 e - a wand of cold (10)
 m - a wand of paralysis (17)
 r - a wand of disintegration (0)
 v - a wand of fire (2)
 R - a wand of teleportation (2)
 T - a wand of digging (10)
 X - a wand of hasting (7)
Scrolls
 c - 4 scrolls of identify
 q - 2 scrolls of fog
 y - 2 scrolls of teleportation
 z - a scroll of recharging
 U - 19 scrolls of remove curse
Potions
 g - 5 potions of curing
 i - 3 potions of heal wounds
 j - a potion of might
 E - 3 potions of invisibility
 F - 3 potions of agility
 M - 4 potions of cancellation
 P - a potion of magic
 Y - 4 potions of resistance
 Z - 4 potions of ambrosia
Miscellaneous
 l - 2 fans of gales
Comestibles
 b - 16 meat rations
 o - 4 chunks of flesh
 H - 25 fruits


   Skills:
 + Level 12.1 Fighting
 - Level 14.0 Staves
 - Level 1.0 Throwing
 - Level 16.0 Armour
 + Level 10.3 Dodging
 - Level 1.0 Stealth
 - Level 10.0 Spellcasting
 - Level 10.0 Conjurations
 - Level 7.0 Charms
 + Level 4.0 Translocations
 - Level 10.0 Fire Magic
 + Level 3.4 Air Magic
   Level 1.0 Poison Magic
 - Level 8.1 Evocations


You had 15 spell levels left.
You knew the following spells:

 Your Spells              Type           Power        Failure   Level  Hunger
a - Shroud of Golubria    Chrm/Tloc      #####.....   2%          2    None
b - Throw Flame           Conj/Fire      ######       1%          2    None
c - Conjure Flame         Conj/Fire      ######..     1%          3    None
d - Sticky Flame          Conj/Fire      ######..     2%          4    #......
e - Fireball              Conj/Fire      ######....   6%          5    ####...
A - Apportation           Tloc           ####......   3%          1    None
F - Flight                Chrm/Air       #####.....   4%          3    None
S - Swiftness             Chrm/Air       #####...     3%          2    None


Dungeon Overview and Level Annotations

Branches:
Dungeon (15/15)            Temple (1/1) D:5            Lair (8/8) D:11
  Swamp (5/5) Lair:6       Spider (5/5) Lair:4        Slime (0/6) Lair:7
    Orc (4/4) D:12            Elf (0/3) Orc:4        Vaults (1/5) D:13
 Depths (0/5) D:15

Shops:
D:6 *   D:9 :==:(   Orc:2 }   Orc:3 *   Orc:4 (*[?   Vaults:1 }

Portals:
Trove: D:12 (give +3 storm dragon armour)

Annotations:
D:2 !
Spider:4 Mara
Vaults:1 Nikola


Innate Abilities, Weirdness & Mutations

Your attributes are resistant to harm.
You are resistant to hostile enchantments.
Your natural rate of healing is unusually fast.


Message History

The lightning arc hits you!
* * * LOW HITPOINT WARNING * * *
The lightning arc hits Nikola.
The lightning arc hits you!
* * * LOW HITPOINT WARNING * * *
The lightning arc hits Nikola.
Drink which item? (? for menu, Esc to quit)
You feel much better.
Nikola is engulfed in roaring flames.
Nikola casts a spell at you. The bolt of lightning hits you!
* * * LOW HITPOINT WARNING * * *
Read which item? (? for menu, Esc to quit)
Blink to where?
Press: ? - help, Dir - move target cursor You are very lightly contaminated with residual magic.
As you read the scroll of blinking, it crumbles to dust.
Nikola is engulfed in roaring flames.
Nikola casts a spell.
You hear a mighty clap of thunder!
The lightning arc hits you!
You die...

...........###..###..###..#.....#
...........# ##.....## #).'..####
...........# ##...## #..#.....#
...........#############..'..)..#
..........................#..[(.#
..........................####(.#
?...(...........(.........#.....#
....############.########.#.)...#
....#..........#@#......#.#.....#
....#..........#.#......#.#.)####
....#..........#.§..∩...#.#.....#
....#.........@#.#@.....#.#.....#
....#..........#(#§.....#.#.....#
....#..........#.#......#.####..#
....#..........#(#......#.#.....#
....#..........#)#......#.#.....#
....'..........#(########.#.....#


You could see Nikola.

Vanquished Creatures
  Saint Roka (Swamp:2)
  Arachne (Spider:2)
  2 Executioners (Abyss:1)
  Rupert (Swamp:1)
  Agnes (Swamp:1)
  Kirke (Swamp:1)
  4 thorn hunters (Swamp:5)
  Frances (Swamp:1)
  Wiglaf (Swamp:2)
  A vault warden (Vaults:1)
  A fire giant (D:15)
  3 emperor scorpions (Spider:5)
  Aizul (Swamp:2)
  3 ghost moths (Spider:5)
  2 deep elf sorcerers (Vaults:1)
  A cacodemon (Abyss:1)
  An ironheart preserver (Vaults:1)
  A very ugly thing (Vaults:1)
  A deep elf annihilator (Vaults:1)
  Josephine (Spider:1)
  A great orb of eyes (Vaults:1)
  A minotaur (Lab)
  Harold (Lair:1)
  2 ogre magi (Orc:4)
  33 hydras
  A ghost crab (Swamp:5)
  6 alligators
  Erica (D:10)
  3 centaur warriors
  27 death yaks
  A vampire mage (Abyss:1)
  A thrashing horror (Abyss:1)
  Urug (D:12)
  A soul eater (Abyss:1)
  3 orc high priests (Orc:3)
  Nergalle (D:15)
  2 deep elf knights (Vaults:1)
  3 spriggans (Swamp:4)
  A shadow wraith (Vaults:1)
  A catoblepas (D:15)
  A skeletal warrior (Vaults:1)
  A fire crab (Vaults:1)
  A flayed ghost (Vaults:1)
  16 swamp dragons
  A giant orange brain (Vaults:1)
  A spriggan druid (Swamp:5)
  5 unseen horrors
  2 deep trolls (Orc:4)
  4 shambling mangroves
  A wolf spider zombie (Spider:1)
  A shadow dragon zombie (Abyss:1)
  A deep elf summoner (Vaults:1)
  2 ironbrand convokers (Vaults:1)
  16 orb spiders
  A harpy (D:13)
  11 hill giants
  A lindwurm (Volcano)
  3 wizards
  6 griffons
  A shadow dragon skeleton (Abyss:1)
  9 hornets
  3 manticores
  5 orc knights
  32 wolf spiders
  3 moths of wrath
  3 sixfirhies
  30 ugly things
  9 cyclopes
  51 elephants
  An orc sorcerer (Orc:4)
  3 centaur zombies
  A vault sentinel (Vaults:1)
  A torpor snail (Lair:4)
  An orange demon (Lair:8)
  A worldbinder (Abyss:1)
  2 gargoyles
  23 spiny frogs
  2 kobold demonologists
  11 komodo dragons
  11 demonic crawlers
  3 black mambas
  An efreet (D:14)
  An air elemental (Spider:1)
  10 fire drakes
  A freezing wraith (Vaults:1)
  3 yaktaurs
  15 trolls
  An ancient zyme (Abyss:1)
  A queen bee (Orc:3)
  19 jumping spiders
  5 giant leeches
  4 polar bears
  The ghost of asdu the Insei, an average DrTm of Okawaru (D:6)
  9 two-headed ogres
  A raiju (Abyss:1)
  4 baby alligators
  13 blink frogs
  5 boulder beetles
  2 tarantella zombies (Spider:1)
  A baby alligator (shapeshifter) (Vaults:1)
  11 bog bodies
  10 ravens
  16 slime creatures
  6 basilisks
  52 redbacks
  39 yaks
  3 wraiths
  30 tarantellas
  10 wyverns
  33 trapdoor spiders
  2 redback simulacra
  5 deep elf magi
  31 vampire mosquitoes
  4 shadows
  A steam dragon (D:10)
  A chaos spawn (Abyss:1)
  4 fire bats (Volcano)
  12 hippogriffs
  A hog (Swamp:1)
  17 wolves
  3 deep elf fighters (Vaults:1)
  2 soldier ants (D:10)
  31 swamp worms
  8 wargs
  4 large abominations (Abyss:1)
  A hell hound (Lair:7)
  18 insubstantial wisps
  The ghost of zkyp the Chucker, an average TeHu (D:3)
  4 mottled dragons
  22 water moccasins
  25 orc warriors
  2 sky beasts
  2 black bears (D:7)
  15 swamp drakes
  4 wasps
  48 spiders
  7 ice beasts
  11 porcupines
  3 boggarts (D:15)
  An eye of draining (shapeshifter) (D:14)
  23 ogres
  An eye of draining (D:13)
  A boring beetle (shapeshifter) (D:15)
  12 centaurs
  An orc skeleton (Spider:1)
  Sigmund (D:2)
  Duvessa (D:5)
  9 big kobolds
  2 brain worms (D:10)
  A boring beetle (Lair:6)
  19 crocodiles
  17 giant frogs
  Blork the orc (D:7)
  A small abomination (Abyss:1)
  A wyvern zombie (D:10)
  A water moccasin skeleton (Spider:1)
  6 wights
  13 scorpions
  37 killer bees
  3 goliath beetles
  6 electric eels
  Dowan (D:5)
  8 crimson imps
  4 giant frog zombies
  Crazy Yiuf (D:5)
  5 centaur skeletons
  3 quasits
  10 hounds
  14 iguanas
  A giant frog skeleton (D:9)
  2 jellies
  30 orc priests
  7 hell rats (Lair:7)
  Natasha (thrice) (D:5)
  29 orc wizards
  15 worker ants
  10 sheep
  Ijyb (D:4)
  A hound skeleton (D:9)
  2 hound zombies
  A mummy (D:11)
  Robin (D:2)
  26 adders
  A gnoll (D:6)
  49 river rats
  3 shadow imps
  5 worms
  An ufetubus (D:8)
  2 white imps (D:8)
  An adder simulacrum (D:8)
  7 giant geckos
  3 oozes (D:3)
  182 orcs
  4 ball pythons
  25 bats
  A bat simulacrum (D:8)
  4 giant cockroaches
  32 goblins
  20 hobgoblins
  15 jackals
  30 kobolds
  13 quokkas
  A giant cockroach zombie (D:5)
  A giant gecko skeleton (D:6)
  6 giant newts
  4 giant spores
  A jackal skeleton (D:5)
  2 quokka zombies
  19 rats
  14 ballistomycetes
  2 fungi
1778 creatures vanquished.

Vanquished Creatures (collateral kills)
  Louise (Spider:1)
  A kobold (D:3)
2 creatures vanquished.

Vanquished Creatures (others)
  An air elemental (Lair:2)
  A trapdoor spider (Spider:5)
  A redback (Spider:3)
  4 humans (Swamp:1)
  A mottled dragon (D:9)
  A centaur (D:9)
  A killer bee (D:9)
  A crimson imp (D:9)
  A giant frog zombie (D:9)
  A hound (D:9)
  2 white imps (D:8)
  An orc (Orc:4)
  A goblin (Orc:3)
  A jackal (D:5)
  4 giant spores
  A kobold (D:3)
  14 ballistomycetes
  18 fungi
  4 plants
59 creatures vanquished.

Grand Total: 1839 creatures vanquished

Notes
Turn   | Place    | Note
--------------------------------------------------------------
     0 | D:1      | Gorice, the Demigod Wanderer, began the quest for the Orb.
     0 | D:1      | Gorice set off with: a +2 quarterstaff, the Grimoire of the Traveller, a potion of lignification, a +0 robe, a bread ration
     0 | D:1      | Reached XP level 1. HP: 17/17 MP: 3/3
     0 | D:1      | Identified the Grimoire of the Traveller
     2 | D:1      | Learned a level 1 spell: Apportation
   345 | D:1      | Reached skill level 2 in Staves
   630 | D:1      | Reached XP level 2. HP: 22/24 MP: 4/4
   634 | D:1      | Learned a level 2 spell: Shroud of Golubria
  1217 | D:2      | Found a radiant altar of Vehumet.
  1217 | D:2      | Noticed Sigmund
  1315 | D:2      | Reached skill level 1 in Dodging
  1523 | D:2      | Found a blossoming altar of Fedhas.
  1570 | D:2      | Reached XP level 3. HP: 29/29 MP: 6/6
  1609 | D:2      | Reached skill level 3 in Staves
  1987 | D:2      | Reached skill level 1 in Armour
  2276 | D:2      | Noticed Robin
  2336 | D:2      | Killed Robin
  2336 | D:2      | Reached XP level 4. HP: 28/36 MP: 8/8
  2923 | D:3      | Gained mutation: You are resistant to hostile enchantments. [potion of beneficial mutation]
  3133 | D:3      | Noticed zkyp's ghost (average TeHu)
  3146 | D:3      | Killed zkyp's ghost
  3146 | D:3      | Reached skill level 4 in Staves
  3146 | D:3      | Reached skill level 2 in Armour
  3146 | D:3      | Reached XP level 5. HP: 39/41 MP: 10/10
  3391 | D:3      | Found a shimmering altar of Xom.
  4212 | D:4      | Noticed an ogre
  4280 | D:4      | Killed an ogre
  4280 | D:4      | Reached skill level 5 in Staves
  4280 | D:4      | Reached skill level 3 in Armour
  4280 | D:4      | Reached XP level 6. HP: 35/48 MP: 12/12
  4347 | D:4      | Found an opulent altar of Gozag.
  4348 | D:4      | Noticed Ijyb
  4371 | D:4      | Killed Ijyb
  5558 | D:5      | Entered Level 5 of the Dungeon
  5680 | D:5      | Noticed Duvessa
  5681 | D:5      | Noticed Dowan
  5757 | D:5      | Reached skill level 6 in Staves
  5757 | D:5      | Reached XP level 7. HP: 49/53 MP: 14/14
  5814 | D:5      | Reached skill level 4 in Armour
  5860 | D:5      | Found a staircase to the Ecumenical Temple.
  5963 | D:5      | Found a snail-covered altar of Cheibriados.
  6000 | D:5      | Killed Duvessa
  6021 | D:5      | Reached skill level 7 in Staves
  6040 | D:5      | Killed Dowan
  6312 | D:5      | Reached XP level 8. HP: 60/60 MP: 15/15
  6519 | D:5      | Noticed Natasha
  6530 | D:5      | Killed Natasha
  6644 | D:5      | Noticed Crazy Yiuf
  6671 | D:5      | Killed Crazy Yiuf
  6781 | D:5      | Noticed Natasha
  6791 | D:5      | Killed Natasha
  6802 | D:5      | Reached skill level 5 in Armour
  6869 | D:5      | Reached skill level 8 in Staves
  7170 | D:6      | Found Ozat's General Store.
  7189 | D:6      | Bought a scroll of blinking for 90 gold pieces
  7289 | D:6      | Noticed asdu's ghost (average DrTm)
  7321 | D:6      | Killed asdu's ghost
  7343 | D:6      | Found a shattered altar of Ashenzari.
  7456 | D:6      | Found a sacrificial altar of Ru.
  7534 | D:6      | Found a burning altar of Makhleb.
  7576 | D:6      | Reached skill level 9 in Staves
  7759 | D:7      | Reached skill level 6 in Armour
  7800 | D:7      | Got a slimy lead ring
  7801 | D:7      | Identified the ring of Noiloesh {rPois rC+ HP+5} (You found it on level 7 of the Dungeon)
  7858 | D:7      | Reached XP level 9. HP: 43/67 MP: 17/17
  8708 | D:7      | Identified a scroll of acquirement
  8823 | D:7      | Noticed Blork the orc
  8831 | D:7      | Killed Blork the orc
  9128 | D:2      | Killed Sigmund
  9128 | D:2      | Reached skill level 10 in Staves
  9185 | D:5      | Noticed Natasha
  9187 | D:5      | Killed Natasha
  9205 | Temple   | Entered the Ecumenical Temple
  9408 | D:8      | Reached skill level 7 in Armour
  9495 | D:8      | Reached skill level 11 in Staves
  9510 | D:8      | Found a sparkling altar of Nemelex Xobeh.
  9647 | D:8      | Reached XP level 10. HP: 72/73 MP: 19/19
 10095 | D:8      | Found a deep blue altar of Sif Muna.
 10172 | D:9      | Found Ducud's Book Shop.
 10172 | D:9      | Found Ysoic's Jewellery Boutique.
 10182 | D:9      | Found Kotabuh's Jewellery Shoppe.
 10187 | D:9      | Noticed a green ugly thing
 10188 | D:9      | Noticed a manticore
 10326 | D:9      | Found a shadowy altar of Dithmenos.
 10424 | D:9      | Reached skill level 8 in Armour
 10561 | D:9      | Found Pizakh's Book Shop.
 10562 | D:9      | Found Schoas' Weapon Shoppe.
 10785 | D:9      | Found a bloodstained altar of Trog.
 10859 | D:9      | Found a glowing golden altar of the Shining One.
 10931 | D:9      | Noticed a green ugly thing
 10969 | D:9      | Bought an uncursed ring of see invisible for 225 gold pieces
 11026 | D:9      | Reached skill level 12 in Staves
 11044 | D:10     | Entered Level 10 of the Dungeon
 12486 | D:10     | Upgraded the game from 0.16-a0-3602-g9bd3662 to 0.16-a0-3612-g267631e
 12569 | D:11     | Noticed a cyclops
 12587 | D:10     | Reached skill level 9 in Armour
 12809 | D:11     | Noticed Erica
 12826 | D:10     | Killed Erica
 12902 | D:11     | Found a staircase to the Lair.
 12922 | D:11     | Killed a cyclops
 12922 | D:11     | Reached XP level 11. HP: 59/79 MP: 20/20
 13018 | D:11     | Noticed a seven-headed hydra
 13160 | D:11     | Noticed a cyclops
 13191 | D:11     | Killed a cyclops
 13191 | D:11     | Reached skill level 13 in Staves
 13881 | Lair:1   | Entered Level 1 of the Lair of Beasts
 13881 | Lair:1   | Noticed Harold
 13907 | Lair:1   | Killed Harold
 14027 | Lair:1   | Reached skill level 10 in Armour
 15772 | Lair:2   | Noticed a four-headed hydra
 15793 | Lair:2   | Killed a four-headed hydra
 16054 | Lair:3   | Upgraded the game from 0.16-a0-3612-g267631e to 0.16-a0-3633-g6873515
 16105 | Lair:3   | Reached skill level 14 in Staves
 16105 | Lair:3   | Reached skill level 11 in Armour
 16133 | Lair:3   | Reached skill level 2 in Evocations
 16222 | Lair:3   | Reached skill level 2 in Spellcasting
 16296 | Lair:3   | Reached XP level 12. HP: 84/85 MP: 23/23
 16373 | Lair:3   | Reached skill level 3 in Evocations
 16798 | Lair:4   | Found a hole to the Spider Nest.
 16894 | Lair:4   | Reached skill level 3 in Spellcasting
 16990 | Lair:4   | Reached skill level 4 in Evocations
 17239 | Lair:4   | Reached skill level 4 in Spellcasting
 17309 | Lair:4   | Reached skill level 5 in Evocations
 17391 | Lair:4   | Reached skill level 12 in Armour
 17601 | Lair:4   | Reached skill level 5 in Spellcasting
 17611 | Lair:4   | Reached skill level 6 in Evocations
 17962 | Temple   | Learned a level 2 spell: Throw Flame
 18313 | Lair:4   | Reached skill level 1 in Conjurations
 18328 | Lair:4   | Reached skill level 2 in Fire Magic
 18434 | Lair:4   | Reached XP level 13. HP: 83/91 MP: 28/28
 18442 | Lair:4   | Reached skill level 2 in Conjurations
 18894 | Lair:5   | Reached skill level 3 in Fire Magic
 18894 | Lair:5   | Reached skill level 7 in Evocations
 19268 | Lair:5   | Reached skill level 3 in Conjurations
 19698 | Lair:6   | Found a staircase to the Swamp.
 19854 | Lair:6   | Reached skill level 4 in Fire Magic
 19905 | Lair:6   | Found a dark tunnel.
 19924 | Volcano  | Entered a volcano
 20016 | Volcano  | Reached skill level 4 in Conjurations
 20071 | Volcano  | Reached skill level 8 in Evocations
 20352 | Lair:6   | Reached skill level 13 in Armour
 20432 | Lair:6   | Reached skill level 5 in Conjurations
 20432 | Lair:6   | Reached skill level 5 in Fire Magic
 20502 | Lair:6   | You fall through a shaft!
 20873 | Lair:7   | Found a labyrinth entrance.
 20908 | Lab      | Entered a labyrinth
 21455 | Lair:4   | Reached XP level 14. HP: 82/97 MP: 29/29
 21463 | Lair:4   | Reached skill level 6 in Conjurations
 21501 | Lair:4   | Reached skill level 6 in Fire Magic
 21643 | Lair:1   | Learned a level 3 spell: Conjure Flame
 22851 | Lair:7   | Found a viscous altar of Jiyva.
 22852 | Lair:7   | Found a staircase to the Slime Pits.
 23651 | Lair:1   | Identified a +5 rod of inaccuracy (12/12) (You found it in a labyrinth)
 23670 | Lair:1   | Learned a level 4 spell: Sticky Flame
 23674 | Lair:1   | Learned a level 3 spell: Flight
 23780 | Lair:8   | Entered Level 8 of the Lair of Beasts
 23795 | Lair:7   | Reached skill level 7 in Conjurations
 23797 | Lair:7   | Reached skill level 7 in Fire Magic
 24750 | Lair:8   | Reached skill level 14 in Armour
 24946 | Lair:8   | Reached skill level 8 in Conjurations
 25153 | Lair:8   | Reached skill level 8 in Fire Magic
 25183 | Lair:8   | Got a pair of dazzling boots
 25194 | Lair:8   | Identified the +2 pair of boots of Imperfection {*Tele rPois+ HP+9 Str+4} (You found it on level 8 of the Lair of Beasts)
 25596 | Lair:8   | Found a burning altar of Makhleb.
 25990 | D:11     | Killed a ten-headed hydra
 26235 | D:9      | Killed a green ugly thing
 26255 | D:9      | Killed a manticore
 26269 | D:9      | Killed a green ugly thing
 26315 | D:9      | Got a scorched flail
 26513 | D:12     | Found a deep blue altar of Sif Muna.
 26913 | D:12     | Noticed Urug
 26934 | D:12     | Killed Urug
 27014 | D:12     | Upgraded the game from 0.16-a0-3633-g6873515 to 0.16-a0-3638-g6091178
 27032 | D:12     | Found a staircase to the Orcish Mines.
 27340 | D:12     | Found a portal to a secret trove of treasure.
 27736 | Orc:1    | Entered Level 1 of the Orcish Mines
 28275 | Orc:3    | Found Ajixasuu's Assorted Antiques.
 28301 | Orc:3    | Bought a hardcover book for 375 gold pieces
 28978 | Orc:3    | Reached XP level 15. HP: 102/103 MP: 30/30
 29038 | Orc:3    | Reached skill level 9 in Conjurations
 29643 | Orc:2    | Found Siagaf's Gadget Shoppe.
 29704 | Orc:2    | Reached skill level 9 in Fire Magic
 30168 | Orc:1    | Found a roughly hewn altar of Beogh.
 30361 | Orc:3    | Upgraded the game from 0.16-a0-3638-g6091178 to 0.16-a0-3652-g8567522
 30802 | D:9      | Bought an uncursed ring of flight for 262 gold pieces
 31676 | D:13     | Paralysed by a wizard for 7 turns
 32199 | D:13     | Found a gate to the Vaults.
 32842 | D:14     | Reached skill level 10 in Conjurations
 33081 | D:15     | Entered Level 15 of the Dungeon
 33183 | D:15     | Reached skill level 15 in Armour
 33360 | D:15     | Found a staircase to the Depths.
 33546 | D:15     | Reached skill level 10 in Fire Magic
 33641 | D:15     | Reached skill level 2 in Fighting
 33849 | D:15     | Reached skill level 3 in Fighting
 34104 | D:15     | Noticed Nergalle
 34766 | D:15     | Killed Nergalle
 34943 | D:15     | Reached skill level 6 in Spellcasting
 34971 | D:15     | Reached skill level 4 in Fighting
 35301 | Orc:4    | Entered Level 4 of the Orcish Mines
 35301 | Orc:4    | Found a burning altar of Makhleb.
 35515 | Orc:4    | Found a staircase to the Elven Halls.
 35803 | Orc:4    | Found a glowing golden altar of the Shining One.
 35894 | Orc:4    | Found Caklesm's Magic Scroll Shop.
 35896 | Orc:4    | Found Uczosik's Armour Boutique.
 35921 | Orc:4    | Found Kurim's Assorted Antiques.
 36025 | Orc:4    | Reached XP level 16. HP: 118/118 MP: 18/32
 36038 | Orc:4    | Reached skill level 5 in Fighting
 36088 | Orc:4    | Found Yhun's Antique Weapon Shop.
 36113 | Orc:4    | Bought a fine lajatang for 700 gold pieces
 36123 | Orc:4    | Bought the +8 chain mail "Prypn" {rC+ Slay+6} for 1088 gold pieces
 36142 | Orc:4    | Identified the +5 lajatang "Cuawuna" {freeze, rElec rC+ MR- Int-4} (You bought it in a shop on level 4 of the Orcish Mines)
 36519 | D:9      | Bought an uncursed ring of fire for 375 gold pieces
 36815 | Swamp:1  | Entered Level 1 of the Swamp
 36843 | Swamp:1  | Reached skill level 7 in Spellcasting
 37062 | Swamp:1  | Noticed Frances
 37077 | Swamp:1  | Killed Frances
 37159 | Swamp:1  | Noticed Rupert
 37172 | Swamp:1  | Killed Rupert
 37236 | Swamp:1  | Noticed Agnes
 37250 | Swamp:1  | Killed Agnes
 37269 | Swamp:1  | Reached skill level 6 in Fighting
 37279 | Swamp:1  | Noticed Kirke
 37290 | Swamp:1  | Killed Kirke
 38286 | Swamp:2  | Noticed Aizul
 38298 | Swamp:2  | Killed Aizul
 38298 | Swamp:2  | Reached skill level 16 in Armour
 38413 | Swamp:2  | Upgraded the game from 0.16-a0-3652-g8567522 to 0.16-a0-3668-g5d42bd4
 38464 | Swamp:2  | Noticed Saint Roka
 38569 | Swamp:2  | Killed Saint Roka
 38569 | Swamp:2  | Reached skill level 2 in Dodging
 38569 | Swamp:2  | Reached skill level 8 in Spellcasting
 39014 | Swamp:2  | Noticed Wiglaf
 39036 | Swamp:2  | Killed Wiglaf
 39036 | Swamp:2  | Reached skill level 7 in Fighting
 39409 | Swamp:2  | Got a heavily runed shield
 39797 | Swamp:3  | Reached skill level 3 in Dodging
 40940 | Swamp:4  | Reached skill level 4 in Dodging
 41842 | Lair:6   | Reached skill level 8 in Fighting
 41842 | Lair:6   | Reached skill level 9 in Spellcasting
 42049 | Spider:1 | Entered Level 1 of the Spider Nest
 42155 | Spider:1 | Noticed Louise
 42167 | Spider:1 | Cast into the Abyss (Louise)
 42220 | Abyss:1  | Got a fine dagger
 42283 | Abyss:1  | Found an iron altar of Okawaru.
 42440 | Abyss:1  | Reached skill level 5 in Dodging
 42695 | Abyss:1  | Reached XP level 17. HP: 60/135 MP: 18/35
 42930 | Spider:1 | Escaped the Abyss
 43506 | Spider:1 | Killed Louise
 43797 | Spider:1 | Noticed Josephine
 43814 | Spider:1 | Killed Josephine
 43814 | Spider:1 | Reached skill level 6 in Dodging
 44350 | Spider:1 | Reached skill level 9 in Fighting
 45627 | Spider:2 | Noticed Arachne
 45640 | Spider:2 | Killed Arachne
 46296 | Spider:3 | Reached skill level 10 in Spellcasting
 46412 | Spider:3 | Reached skill level 1 in Charms
 46867 | Spider:3 | Reached skill level 2 in Charms
 46872 | Spider:3 | Reached skill level 7 in Dodging
 47455 | Spider:4 | Learned a level 5 spell: Fireball
 47568 | Spider:4 | Reached skill level 10 in Fighting
 47685 | Spider:4 | Noticed Mara
 47765 | Spider:4 | Learned a level 2 spell: Swiftness
 48433 | Spider:4 | Noticed Gorice's illusion
 48646 | Spider:4 | Reached skill level 3 in Charms
 49194 | Spider:5 | Entered Level 5 of the Spider Nest
 49436 | Spider:4 | Noticed Gorice's illusion
 49870 | D:9      | Bought the ring of the Yeti {rC+ rN+ Stlth+} for 552 gold pieces
 50472 | Spider:5 | Reached skill level 8 in Dodging
 50750 | Spider:5 | Reached skill level 4 in Charms
 51825 | Spider:5 | Reached skill level 5 in Charms
 51896 | Spider:5 | Reached XP level 18. HP: 149/149 MP: 1/37
 52318 | Spider:5 | Reached skill level 11 in Fighting
 52360 | Spider:5 | Got a gossamer rune of Zot
 52608 | Spider:4 | Noticed Gorice's illusion
 52934 | Swamp:5  | Entered Level 5 of the Swamp
 53114 | Swamp:5  | Reached skill level 9 in Dodging
 53124 | Swamp:5  | Reached skill level 6 in Charms
 54576 | Swamp:5  | Reached skill level 7 in Charms
 54763 | Swamp:5  | Reached skill level 1 in Translocations
 54899 | Swamp:5  | Got a decaying rune of Zot
 54900 | Swamp:5  | Gained mutation: Your natural rate of healing is unusually fast. [potion of beneficial mutation]
 54966 | Swamp:5  | Reached skill level 1 in Air Magic
 55856 | Vaults:1 | Entered Level 1 of the Vaults
 55901 | Vaults:1 | Reached skill level 2 in Translocations
 56081 | Vaults:1 | Reached skill level 2 in Air Magic
 56322 | Vaults:1 | Reached skill level 10 in Dodging
 56507 | Vaults:1 | Reached skill level 3 in Translocations
 56755 | Vaults:1 | Reached skill level 12 in Fighting
 56896 | Vaults:1 | Reached skill level 3 in Air Magic
 57014 | Vaults:1 | Found Etaneaxu's Gadget Emporium.
 57203 | Vaults:1 | Upgraded the game from 0.16-a0-3668-g5d42bd4 to 0.16-a0-3691-gf72e470
 57335 | Vaults:1 | Reached skill level 4 in Translocations
 57478 | Vaults:1 | Noticed Nikola
 57667 | Vaults:1 | HP: 5/159 [Nikola/chain lightning (41)]
 57669 | Vaults:1 | Killed from afar by Nikola

Action                   |  1- 3 |  4- 6 |  7- 9 | 10-12 | 13-15 | 16-18 || total
-------------------------+-------+-------+-------+-------+-------+-------++-------
Melee: Quarterstaff      |   107 |   215 |   319 |     1 |       |       ||   642
       Lajatang          |       |       |   119 |  1022 |  2048 |  1702 ||  4891
 Fire: Hunting sling     |       |    41 |    47 |       |       |       ||    88
       Blowgun           |       |     9 |    23 |       |       |       ||    32
Throw: Stone             |    45 |     6 |    10 |     2 |       |       ||    63
       Tomahawk          |       |       |       |       |     2 |       ||     2
 Cast: Conjure Flame     |       |       |       |       |    91 |   202 ||   293
       Throw Flame       |       |       |       |       |    70 |   192 ||   262
       Sticky Flame      |       |       |       |       |    52 |   183 ||   235
       Apportation       |       |       |       |       |       |     4 ||     4
       Shroud of Golubri |       |       |       |       |       |    26 ||    26
       Flight            |       |       |       |       |       |    17 ||    17
 Abil: Evoke Flight      |       |       |       |       |     2 |     2 ||     4
Evoke: Wand              |       |     1 |     7 |    19 |     4 |     9 ||    40
       Fan of gales      |       |       |       |     1 |       |     1 ||     2
  Use: Scroll            |     4 |    11 |     4 |    11 |    20 |    18 ||    68
       Potion            |       |     1 |       |       |    11 |    13 ||    25
 Stab: Sleeping          |     1 |       |       |       |       |       ||     1
       Confused          |       |       |       |     3 |       |       ||     3
       Held in net/web   |       |       |       |       |       |     2 ||     2
       Invisible         |       |       |       |       |       |     3 ||     3
  Eat: Chunk             |     4 |    11 |    13 |    25 |    57 |    73 ||   183
       Meat ration       |       |       |     1 |       |       |       ||     1
       Bread ration      |       |       |       |     1 |     4 |     2 ||     7
       Beef jerky        |       |       |       |     1 |     3 |       ||     4
       Pizza             |       |       |       |     1 |     1 |     1 ||     3
       Fruit             |       |       |       |       |     2 |     1 ||     3
       Royal jelly       |       |       |       |       |     1 |       ||     1

Table legend:
 A = Turns spent in this place as a percentage of turns spent in the entire game.
 B = Non-inter-level travel turns spent in this place as a percentage of non-inter-level travel turns spent in the entire game.
 C = Inter-level travel turns spent in this place as a percentage of turns spent in this place.
 D = Turns resting spent in this place as a percentage of non-inter-level travel turns spent in this place.
 E = Turns spent auto-exploring this place as a percentage of non-inter-level travel turns spent in this place.
 F = Non-inter-level travel turns spent in this place divided by the number of levels of this place that you've seen.
                   A       B       C       D       E      F
               +-------+-------+-------+-------+-------+----------------------
         Total | 100.0 | 100.0 |   0.6 |   2.9 |   2.9 | 617.1
       Dungeon |  34.7 |  34.7 |   0.7 |   2.0 |   3.8 | 599.6
        Temple |   0.1 |   0.1 |   7.4 |   0.0 |   0.0 |  25.0
          Lair |  23.1 |  23.0 |   1.0 |   1.5 |   2.8 | 746.6
         Swamp |  12.2 |  12.2 |   0.3 |   5.1 |   2.9 | 633.6
   Spider Nest |  13.6 |  13.6 |   0.6 |   6.0 |   2.7 | 707.4
  Orcish Mines |   9.0 |   9.0 |   0.6 |   1.0 |   1.5 | 585.8
        Vaults |   3.7 |   3.7 |   0.0 |   4.7 |   1.4 | 967.0
         Abyss |   1.9 |   2.0 |   0.0 |   5.3 |   0.0 | 507.0
     Labyrinth |   0.9 |   0.9 |   0.0 |   0.0 |   0.0 | 223.0
       Volcano |   0.7 |   0.7 |   0.0 |   0.0 |   0.5 | 182.0
               +-------+-------+-------+-------+-------+----------------------

Vault maps used:
D:1:      mrwooster_arrival_arrow
D:2:      kennysheep_goblin_castle, vehumet_crystals, fedhas_altar_2,
          first_bread, st_stairs_12, uniq_sigmund
D:3:      xom_butterflies, hangedman_decor_points
D:4:      nicolae_gozag_seed_capital, serial_park_tiny_pond, uniq_iyjb
D:5:      cheibriados_altar_1, minmay_temple_entry_purple_smoke, uniq_duvessa,
          uniq_crazy_yiuf_cottage, uniq_natasha
D:6:      kennysheep_mini, lemuel_round_altar, nicolae_ru_awakened_eye,
          serial_shops, shop
D:7:      uniq_blork_the_orc
D:8:      nemelex_xobeh_ov_fountains_minmay, led_sif_pool, serial_ice,
          serial_ice_l, serial_ice_o, serial_ice_a, serial_ice_f, serial_ice_g,
          serial_ice_m, serial_ice_c, serial_ice_d
D:9:      lemuel_round_altar, lemuel_doored_altar, kennysheep_mini_moat,
          serial_shops, shop, nicolae_shop_competitors_out_of_business, shop,
          nicolae_shop_waterfront, shop, minivault_12
D:10:     hangedman_pestilent_swarm
D:11:     due_lair_maze_entry_diamond, uniq_erica
D:12:     david_orc_1_choice, nicolae_trove_entry_crystal, basic_altar,
          centaur_isle, uniq_urug
D:13:     minmay_opposing_rooms, david_vaults_1
D:14:     small_statue_intersection, moated_statue
D:15:     grunt_enter_depths_giant_problem, solitary_fountain, uniq_nergalle
Temple:   circular_temple_6
Lair:1:   uniq_harold
Lair:2:   infiniplex_staircase_pool_2
Lair:3:   baited_tele_trap, serial_bayou_shore_b, grunt_megastairs_4
Lair:4:   mu_elephants_graveyard, spider_nest_entry_rubble
Lair:6:   minmay_swamp_entry_reptiles, enter_volcano_3
Lair:7:   slime_altar_1, lab_entry_generic, special_room
Lair:8:   evil_forest
Swamp:1:  nicolae_swamp_round_clearing, uniq_frances, uniq_rupert, uniq_kirke,
          uniq_agnes
Swamp:2:  evilmike_swamp_ruin_house_4, swamp_pool2, uniq_aizul, uniq_saint_roka,
          uniq_wiglaf
Swamp:3:  evilmike_swamp_ruin_house_1, swamp_pool1
Swamp:4:  evilmike_swamp_ruin_house_6
Swamp:5:  swamp, swamp_pool4
Spider:1: uniq_josephine, uniq_louise
Spider:2: uniq_arachne
Spider:3: spiders_nest_spider_trap
Spider:4: spider_trap, einodemon_crawler_minivault, uniq_mara
Spider:5: grunt_spider_rune_parallel
Orc:1:    minmay_orc_temple_b
Orc:2:    serial_shops, shop_fountains
Orc:3:    serial_shops, shop, special_room, nicolae_orc_pool_cavern,
          guppyfry_orc_lava_fort
Orc:4:    st_orc_open, basic_altar, bloody_makhleb
Vaults:1: hangedman_vaults_cutoff, v_misc_14, vaults_room_door_hall,
          ontoclasm_vaults_tryst, hangedman_vaults_hat, hangedman_vaults_snaps,
          vaults_mumra_minichess, grunt_vaults_funnel, vaults_dpeg_hooks,
          nicolae_vaults_rhombus_5, serial_shops, shop, uniq_nikola
Volcano:  volcano_pools
